 Dungeon Crawl Stone Soup version 0.30-a0-870-gc5d4c5acee (webtiles) character file.

Game seed: 1961263410335691704

4692 cforsyth the Protected (level 10, -11/86 HPs)
             Began as a Barachi Fighter on Mar 12, 2023.
             Was a Priest of Cheibriados.
             Mangled by a fire elemental (12 damage)
             ... summoned by a deep elf pyromancer
             ... on level 8 of the Dungeon.
             The game lasted 00:11:46 (8204 turns).

cforsyth the Protected (Barachi Fighter)            Turns: 8204, Time: 00:11:47

Health: -11/86     AC: 14    Str: 29    XL:     10   Next: 44%
Magic:  10/10      EV:  9    Int: 18    God:    Cheibriados [***...]
Gold:   426        SH: 16    Dex: 28    Spells: 9/9 levels left

rFire   . . .      SeeInvis .    a - +0 long sword
rCold   . . .      Faith    .    M - +2 kite shield
rNeg    . . .      Spirit   .    d - +0 acid dragon scales
rPois   +          Reflect  .    s - +1 hat
rElec   .          Rampage  .    j - +0 cloak
rCorr   +                        x - +0 pair of gloves
Will    .....                    f - +0 pair of boots
Stlth   ++                       q - amulet of regeneration
HPRegen 1.14/turn                L - ring "Ofigh" {rPois Str+3}
MPRegen 0.12/turn                y - +6 ring of dexterity

@: very slow
A: amphibious, slowness 1, strong legs 1, +LOS
a: Hop, Renounce Religion, Bend Time, Temporal Distortion


You were on level 8 of the Dungeon.
You worshipped Cheibriados.
Cheibriados was most pleased with you.
You visited 2 branches of the dungeon, and saw 9 of its levels.

You collected 426 gold pieces.

Inventory:

Hand Weapons
 a - a +0 long sword (weapon)
Armour
 d - +0 acid dragon scales (worn)
 f - a +0 pair of boots (worn)
 j - a +0 cloak (worn)
 s - a +1 hat (worn)
 x - a +0 pair of gloves (worn)
 M - a +2 kite shield (worn)
Jewellery
 q - an amulet of regeneration (around neck)
 r - a ring of resist corrosion
 y - a +6 ring of dexterity (right hand)
 D - a ring of flight
 H - a ring of wizardry
 I - a ring of protection from cold
 L - the ring "Ofigh" (left hand) {rPois Str+3}
   (You found it on level 5 of the Dungeon)

   [ring of poison resistance]

   Str:       It affects your strength (+3).
   rPois:     It protects you from poison.
Wands
 c - a wand of roots (2)
 t - a wand of acid (6)
Scrolls
 b - a scroll of torment {unknown}
 e - 6 scrolls of teleportation
 i - 3 scrolls of magic mapping {unknown}
 l - a scroll of enchant weapon {unknown}
 m - 2 scrolls of fog {unknown}
 o - 2 scrolls of blinking {unknown}
 p - 2 scrolls of amnesia {unknown}
 v - a scroll of brand weapon {unknown}
 w - 2 scrolls of vulnerability {unknown}
 z - 3 scrolls of fear {unknown}
 A - a scroll of poison {unknown}
 E - a scroll of immolation
 K - a scroll of enchant armour {unknown}
Potions
 g - a potion of brilliance
 h - a potion of lignification
 k - a potion of ambrosia
 n - a potion of magic
 u - a potion of heal wounds
 B - 2 potions of mutation
 C - 2 potions of cancellation
 F - a potion of attraction
 G - a potion of resistance
 J - 2 potions of curing


   Skills:
 + Level 10.5 Fighting
 + Level 10.2 Long Blades
 + Level 10.6 Armour
 + Level 9.7 Shields


You had 9 spell levels left.
You didn't know any spells.
Your spell library contained the following spells:

 Spells                   Type           Power      Damage    Failure   Level
 Foxfire                  Conj/Fire      0%         2x1d4     50%         1
 Fireball                 Conj/Fire      0%         3d3       100%        5
 Starburst                Conj/Fire      0%         6d3       100%        6


Dungeon Overview and Level Annotations

Branches:
Dungeon (8/15)             Temple (1/1) D:5
   Lair: D:8-11

Altars:
Cheibriados
Dithmenos
Elyvilon
Fedhas
Gozag
Kikubaaqudgha
Nemelex Xobeh
Okawaru
Qazlal
Ru
Sif Muna
Trog
Uskayaw
Vehumet
Wu Jian
The Shining One


Innate Abilities, Weirdness & Mutations

You are amphibious.
You cover ground slowly.
You can hop short distances.
You have an extended range of vision and can be seen from far away.


Message History

You block the fire elemental's attack.
The deep elf pyromancer points at you and mumbles some strange words.
The sticky flame hits you but does no damage.
You are covered in liquid flames!
You barely miss the deep elf pyromancer.
The deep elf pyromancer is lightly wounded.
You are covered in liquid flames!
You block the fire elemental's attack.
The deep elf pyromancer casts a spell.
You block the fire elemental's attack.
You closely miss the deep elf pyromancer.
The deep elf pyromancer is lightly wounded.
You are covered in liquid flames!
You are no longer on fire.
The deep elf pyromancer casts a spell at you.
The bolt of fire hits you.
You block the fire elemental's attack. x2
The fire elemental hits you. The fire elemental burns you!
You slash the deep elf pyromancer!
The deep elf pyromancer is heavily wounded.
You block the deep elf pyromancer's attack.
You block the fire elemental's attack. The fire elemental closely misses you.
The fire elemental hits you. The fire elemental burns you!
You hit the deep elf pyromancer.
The deep elf pyromancer is heavily wounded.
You block the fire elemental's attack. x3
The deep elf pyromancer hits you with a +0 dagger.
* * * LOW HITPOINT WARNING * * *
The fire elemental hits you. The fire elemental burns you!
* * * LOW HITPOINT WARNING * * *
You slash the deep elf pyromancer!
The deep elf pyromancer is severely wounded.
You block the fire elemental's attack. The fire elemental hits you.
The fire elemental burns you!
* * * LOW HITPOINT WARNING * * *
The deep elf pyromancer casts a spell at you.
You block the sticky flame. The fire elemental hits you.
The fire elemental burns you!
* * * LOW HITPOINT WARNING * * *
The fire elemental hits you. The fire elemental burns you!
You die...

####...................####....
#.......####...................
#.......#..############........
#.......'.............#........
#.......#..#..........#........
###.....................+........
..........###########..##........
.....<....# +$ePE..#...#........
..........# +.E@'..#...#........
..........#..+⌠E⌠'..#...#........
..........#..#+++#..#.###....####
+##...>...#..#...#..#........#...
#.......#..#...#..#........#...
#.......#..#...#..#........#...
#.......#..#...#..#........#+##
##......#..#...#..#..###)###...
#......#..8...8..#..).))#.....


You could see a deep elf pyromancer and 3 fire elementals.

Vanquished Creatures
  A manticore (D:7)
  Maggie (D:8)
  A kobold demonologist (D:7)
  A troll (D:7)
  A slime creature (D:7)
  5 yaks (D:8)
  A water moccasin (D:8)
  An ice beast (D:7)
  2 black bears
  An ogre (D:6)
  A centaur (D:6)
  3 phantoms
  A kobold brigand (D:7)
  3 bullfrogs
  A gnoll sergeant (D:5)
  2 necrophages (D:6)
  A wyvern zombie (D:6)
  2 scorpions
  4 wights
  A human zombie (D:6)
  4 bullfrog zombies (D:6)
  A centaur zombie (D:6)
  6 orc priests
  A hound (D:5)
  5 jellies
  2 iguanas
  6 orc wizards
  2 killer bee zombies (D:6)
  Robin (D:2)
  3 gnolls
  3 adders
  A shadow imp (D:6)
  3 white imps
  An ufetubus (D:5)
  3 worms
  3 dart slugs
  19 orcs
  6 ball pythons
  10 endoplasms
  3 giant cockroaches
  12 goblins
  13 hobgoblins
  8 jackals (D:1)
  3 quokkas
  4 bats
  3 frilled lizards
  13 kobolds
  6 rats
179 creatures vanquished.

Vanquished Creatures (others)
  An orc wizard (D:8)
1 creature vanquished.

Grand Total: 180 creatures vanquished

Notes
Turn   | Place    | Note
-------+----------+-------------------------------------------
     0 | D:1      | cforsyth the Barachi Fighter began the quest for the Orb.
     0 | D:1      | Reached XP level 1. HP: 18/18 MP: 1/1
    63 | D:1      | Reached XP level 2. HP: 25/25 MP: 2/2
   283 | D:1      | Found a faded altar of an unknown god.
   390 | D:1      | Reached XP level 3. HP: 30/30 MP: 3/3
  1005 | D:2      | Noticed Robin
  1020 | D:2      | Reached XP level 4. HP: 22/37 MP: 4/4
  1064 | D:2      | Reached XP level 5. HP: 4/49 MP: 5/5
  1075 | D:2      | Killed Robin
  2274 | D:3      | Found a white marble altar of Elyvilon.
  2285 | D:3      | Found a sacrificial altar of Ru.
  2421 | D:3      | You fall into a shaft and drop 3 floors!
  2441 | D:6      | Reached XP level 6. HP: 53/56 MP: 6/6
  2560 | D:6      | Reached XP level 7. HP: 48/63 MP: 7/7
  2567 | D:5      | Entered Level 5 of the Dungeon
  2656 | D:5      | Found a staircase to the Ecumenical Temple.
  2680 | Temple   | Entered the Ecumenical Temple
  2762 | Temple   | Became a worshipper of Cheibriados the Contemplative
  3719 | D:4      | Reached XP level 8. HP: 69/69 MP: 8/8
  4290 | D:4      | Reached * piety under Cheibriados
  4544 | D:3      | Found a glowing golden altar of the Shining One.
  4728 | D:3      | Found a hide-covered altar of Uskayaw.
  5078 | D:5      | Identified the ring "Ofigh" {rPois Str+3}
  5472 | D:5      | Found an opulent altar of Gozag.
  6304 | D:6      | Found an ancient bone altar of Kikubaaqudgha.
  6335 | D:6      | Reached ** piety under Cheibriados
  6360 | D:6      | Reached XP level 9. HP: 75/76 MP: 9/9
  6700 | D:7      | Noticed a troll
  6700 | D:7      | Noticed a kobold demonologist
  6700 | D:7      | Noticed a manticore
  6705 | D:7      | Noticed a troll
  6708 | D:7      | Noticed a smoke demon
  6713 | D:7      | Noticed an ice devil
  7306 | D:7      | Noticed a red devil
  7306 | D:7      | Noticed a soul eater
  7317 | D:7      | Killed a kobold demonologist
  7414 | D:7      | Killed a troll
  7484 | D:7      | Killed a manticore
  7484 | D:7      | Reached *** piety under Cheibriados
  7485 | D:7      | Reached skill level 10 in Armour
  7598 | D:8      | Reached skill level 10 in Fighting
  7598 | D:8      | Reached XP level 10. HP: 85/85 MP: 10/10
  7634 | D:8      | Noticed Maggie
  7647 | D:8      | Killed Maggie
  7851 | D:8      | Reached skill level 10 in Long Blades
  8196 | D:8      | Noticed a deep elf pyromancer
  8204 | D:8      | HP: 1/86 [fire elemental[a deep elf pyromancer] (14)]
  8204 | D:8      | Mangled by a fire elemental

Illustrated notes

Levels and vault maps discovered:
D:1:      lightli_arrival_statuegarden, layout_basic,
          ebering_ecumenical_altar_webs
D:2:      layout_basic, kennysheep_nondescript, uniq_robin
D:3:      layout_basic, jmf_multi_god_temple,
          nicolae_uskayaw_murder_on_the_dancefloor, tso_oasis_becter,
          serial_corexii_hall, corexii_hall_statues_t, corexii_hall_statues_i
D:4:      layout_basic, kennysheep_generic_room_14
D:5:      layout_gridville, grunt_gozag_breadcrumbs, minmay_temple_entry_glass
D:6:      layout_loops_ring, lemuel_mausoleum_altar_kikubaaqudgha
D:7:      minmay_blocky_corners, layout_basic
D:8:      layout_gridville, guppyfry_early_elven_hall, uniq_maggie
Temple:   nicolae_temple_bog_church

Skill      XL: |  1  2  3  4  5  6  7  8  9 10 |
---------------+-------------------------------+-----
Armour         | 4 8 9 10 | 10.6
Fighting       | 4 8 9 10 | 10.5
Long Blades    | 3 7 8 9 10 | 10.2
Shields        | 7 8 9 |  9.7

Action                     |  1- 3 |  4- 6 |  7- 9 | 10-12 || total
---------------------------+-------+-------+-------+-------++-------
  Melee: Long sword        |   129 |   104 |   400 |    89 ||   722
    Use: Potion            |       |     2 |       |     1 ||     3
         Scroll            |       |       |    12 |     1 ||    13
 Armour: Scale mail        |    67 |    60 |   173 |     1 ||   301
         Acid dragon scale |       |       |       |    22 ||    22
  Dodge: Dodged            |    61 |    46 |   124 |    14 ||   245
  Block: Buckler           |    36 |    36 |    52 |       ||   124
         Kite shield       |       |       |   219 |    54 ||   273

Table legend: (Time is in decaauts)
 A = Elapsed time spent in this place.
 B = Non-inter-level travel time spent in this place.
 C = Inter-level travel time spent in this place.
 D = Time resting spent in this place.
 E = Time spent auto-exploring this place.
 F = Levels seen in this place.
 G = Mean time per level.
                   A        B        C        D        E       F      G
               +--------+--------+--------+--------+--------+-----+--------+
         Total |  11105 |  10471 |    634 |   1240 |   7497 |   9 | 1233.9 |
       Dungeon |  11003 |  10385 |    618 |   1240 |   7432 |   8 | 1375.4 |
        Temple |    102 |     87 |     15 |      0 |     65 |   1 |  102.0 |
               +--------+--------+--------+--------+--------+-----+--------+

Top non-repeatable levels by time:
     D:4: 1828 daAuts
     D:7: 1671 daAuts
     D:5: 1669 daAuts
     D:2: 1603 daAuts
     D:6: 1232 daAuts
     D:3: 1161 daAuts
     D:8: 1023 daAuts
     D:1: 813 daAuts
  Temple: 102 daAuts
